 Dungeon Sprint DCSS version 0.24-a0-132-ge4b1dce (webtiles) character file.

Game seed: 5753248762028813374

116 Faca the Quickloader (level 5, -9/36 HPs)
             Began as a Kobold Hunter on Feb 27, 2019.
             Was an Initiate of Dithmenos.
             Splashed by an acid dragon (shapeshifter)'s acid (14 damage)
             ... in the Dungeon (Sprint V: "Ziggurat Sprint").
             The game lasted 00:02:20 (317 turns).

Faca the Quickloader (Kobold Hunter)                 Turns: 317, Time: 00:02:21

Health: -9/36      AC:  3    Str: 22    XL:     5   Next: 21%
Magic:  5/5        EV: 15    Int: 13    God:    Dithmenos [......]
Gold:   0          SH:  0    Dex: 15    Spells: 4/4 levels left

rFire    . . .     SeeInvis +   G - +9 heavy crossbow "Sniper" {velocity, Acc+∞ SInv}
rCold    . . .     Gourm    .   (shield currently unavailable)
rNeg     . . .     Faith    .   c - +0 leather armour
rPois    .         Spirit   .   (no helmet)
rElec    .         Reflect  .   (no cloak)
rCorr    .         Harm     .   (no gloves)
MR       .....     NoTele   +   (no boots)
Stlth    +.........             (no amulet)
HPRegen  0.12/turn              B - +6 ring of strength
MPRegen  0.09/turn              C - +6 ring of strength

@: confused
A: small, carnivore
a: Renounce Religion


You were in the Dungeon.
You worshipped Dithmenos.
Dithmenos was noncommittal.
You were not hungry.

You visited 1 branch

Inventory:

Hand Weapons
 a - a +5 hand crossbow
 b - a +5 triple crossbow
 G - the +9 heavy crossbow "Sniper" (weapon) {velocity, Acc+∞ SInv}
   (You found it in the Dungeon)

   Any bolt fired from it inflicts extra damage.
   It lets you see invisible.
Missiles
 d - 1015 bolts (quivered)
Armour
 c - a +0 leather armour (worn)
Jewellery
 u - the ring "Coudem" {rCorr MR+}
   (You found it in the Dungeon)

   [ring of resist corrosion]

   It affects your resistance to hostile enchantments.
 B - a +6 ring of strength (left hand)
 C - a +6 ring of strength (right hand)
Wands
 D - a wand of disintegration (7)
 E - a wand of iceblast (7)
 F - a wand of acid (7)
Scrolls
 k - 4 scrolls of blinking
 l - 4 scrolls of amnesia
 m - 7 scrolls of fog
 n - a scroll of holy word
 o - 5 scrolls of identify
 p - 5 scrolls of remove curse
 q - 2 scrolls of fear
Potions
 e - 9 potions of curing
 g - 10 potions of heal wounds
 h - 6 potions of haste
 i - 7 potions of magic
 j - 3 potions of berserk rage
 r - 2 potions of brilliance
 s - 2 potions of invisibility
 t - 4 potions of resistance
 v - 5 potions of agility
 w - 5 potions of might
Miscellaneous
 x - a box of beasts
Comestibles
 f - 7 rations


   Skills:
 + Level 6.3 Fighting
 + Level 11.8 Crossbows
 - Level 2.4 Dodging
 - Level 1.3 Stealth


You had 4 spell levels left.
You didn't know any spells.
Your spell library was empty.

Dungeon Overview and Level Annotations

Branches:
Dungeon (1/1)

Altars:
Ashenzari
Cheibriados
Dithmenos
Elyvilon
Fedhas
Gozag
Hepliaklqana
Kikubaaqudgha
Makhleb
Nemelex Xobeh
Okawaru
Qazlal
Ru
Sif Muna
Trog
Uskayaw
Vehumet
Wu Jian
Xom
Yredelemnul
Zin
The Shining One
Beogh
Jiyva
Lugonu

Annotations:
D 1 transporter


Innate Abilities, Weirdness & Mutations

You are small and have problems with some larger weapons.
You are carnivorous and can eat meat at any time.


Message History

Aim: a golden eye You shoot a bolt.
The golden eye blinks!
The human hits you. The acid dragon closely misses you.
The acid dragon claws you but does no damage.
The human hits you but does no damage. The acid dragon bites you.
The acid dragon closely misses you.
You feel better. The golden eye blinks at you.
You are confused.
The human hits you! The acid dragon barely misses you.
The acid dragon claws you.
Firing (i - inventory)
d - 1016 bolts (quivered)
Press: ? - help, Shift-Dir - straight line, f/p - golden eye
Aim: a golden eye You shoot a bolt.
The human hits you! The acid dragon spits acid at you.
The splash of acid hits you!
* * * LOW HITPOINT WARNING * * *
You are splashed with acid!
You die...

▓▓▓▓▓▓▓▓▓▓▓▓▓
▓.8©8.▓.8©8.▓
▓.|.=.▓.....▓
▓.....▓.....▓
▓.....▓.....▓
▓.....▓..÷..▓
▓.D.p.▓..©..▓
▓..@G(▓▓▓▓▓▓▓
▓▓▓▓▓▓▓


You could see a human, an acid dragon shaped shifter and a golden eye.

Vanquished Creatures
  A wolf (D)
  An iguana (D)
2 creatures vanquished.

Notes
Turn   | Place    | Note
-------+----------+-------------------------------------------
     0 | D        | Found the +6 Majin-Bo {vamp, Archmagi MP+6 Int+6}
     0 | D        | Found the +7 great mace "Firestarter" {inner flame, rF++}
     0 | D        | Faca the Kobold Hunter began the quest for the Orb.
     0 | D        | Reached XP level 1. HP: 12/12 MP: 1/1
     2 | D        | Found a blossoming altar of Fedhas.
     3 | D        | Found a transporter.
     3 | D        | Found a viscous altar of Jiyva.
     3 | D        | Found an ancient bone altar of Kikubaaqudgha.
     3 | D        | Found a hazy altar of Hepliaklqana.
     3 | D        | Found a corrupted altar of Lugonu.
     3 | D        | Found an opulent altar of Gozag.
     3 | D        | Found a burning altar of Makhleb.
     4 | D        | Found a sacrificial altar of Ru.
     4 | D        | Found a stormy altar of Qazlal.
     4 | D        | Found a deep blue altar of Sif Muna.
     4 | D        | Found an iron altar of Okawaru.
     4 | D        | Found a bloodstained altar of Trog.
     4 | D        | Found a sparkling altar of Nemelex Xobeh.
    23 | D        | Found the +9 heavy crossbow "Sniper" {velocity, Acc+∞ SInv}
    23 | D        | Found the +10 dark maul {crush}
    23 | D        | Found the +15 Maxwell's patent armour {-Cast -Tele rElec
                  | MR+ rCorr}
    23 | D        | Found the +18 shield of the Gong {rElec rN+ MR+ EV-5}
    23 | D        | Found the cursed +14 obsidian axe {chop, +Fly SInv *Curse}
    27 | D        | Reached skill level 10 in Crossbows
    27 | D        | Reached XP level 2. HP: 17/17 MP: 2/2
    46 | D        | Became a worshipper of Dithmenos the Shadowed
    76 | D        | Entered arena 2.
    76 | D        | Noticed a wolf
    76 | D        | Found a transporter.
    78 | D        | Reached XP level 3. HP: 19/24 MP: 3/3
    79 | D        | Killed a wolf
    79 | D        | Reached skill level 11 in Crossbows
    79 | D        | Reached XP level 4. HP: 8/32 MP: 4/4
    79 | D        | Reached XP level 5. HP: 9/36 MP: 5/5
   305 | D        | Got the ring "Coudem" {rCorr MR+}
   311 | D        | Entered arena 3.
   311 | D        | Noticed a golden eye
   311 | D        | Noticed a human
   311 | D        | Noticed a sky beast
   311 | D        | Found a transporter.
   314 | D        | Noticed an acid dragon
   314 | D        | a sky beast changed into an acid dragon
   317 | D        | Splashed by an acid dragon (shapeshifter)'s acid

Levels and vault maps discovered:
D:        sprint_v [room_start, room_1, room_2, room_3, room_4, room_5, room_6,
          room_7, room_8, room_9, room_10, room_11, room_12, room_13, room_14,
          room_15, room_16, room_17, room_18, room_19, room_20, room_21,
          room_22, room_23, room_24, room_25, room_26, room_27]

Skill      XL: |  1  2  3 |
---------------+----------+-----
Crossbows      | 10 11 | 11.8
Fighting       | 3 6 |  6.3
Dodging        | |  2.4
Stealth        | |  1.3

Action                   |  1- 3 |  4- 6 || total
-------------------------+-------+-------++-------
 Fire: Heavy crossbow    |     3 |     5 ||     8
  Use: Potion            |     1 |     1 ||     2
Armor: Leather armour    |       |     2 ||     2
Dodge: Dodged            |     4 |     4 ||     8

Table legend:
 A = Non-vault XP
 B = Vault XP
 C = Vault XP percentage of total XP
 D = Non-vault monster count
 E = Vault monster count
 F = Vault count percentage of total count
                 A         B        C        D         E       F
            +---------+---------+-------+---------+---------+-------
      Total |       0 |     158 | 100.0 |       0 |       2 | 100.0
            +---------+---------+-------+---------+---------+-------
          D |       0 |     158 | 100.0 |       0 |       2 | 100.0
            +---------+---------+-------+---------+---------+-------
